 Dungeon Crawl Stone Soup version 0.24.0-35-gdb84b6a5db (webtiles) character file.

Game seed: 12196453958421260774, levelgen mode: deterministic

57 Emblim88 the Skirmisher (level 3, -3/29 HPs)
             Began as a Demonspawn Monk on Nov 20, 2019.
             Slain by Sigmund
             ... wielding a +0 scythe
              (7 damage)
             ... on level 3 of the Dungeon.
             The game lasted 00:02:39 (1624 turns).

Emblim88 the Skirmisher (Demonspawn Monk)           Turns: 1624, Time: 00:02:40

Health: -3/29      AC:  7    Str: 12    XL:     3   Next: 73%
Magic:  3/3        EV: 10    Int: 11    God:
Gold:   75         SH:  0    Dex: 15    Spells: 2/2 levels left

rFire    . . .     SeeInvis .   a - +0 falchion
rCold    . . .     Gourm    .   (no shield)
rNeg     . . .     Faith    .   l - +0 scale mail
rPois    .         Spirit   .   (no helmet)
rElec    .         Reflect  .   (no cloak)
rCorr    .         Harm     .   i - +0 pair of gloves
MR       +....                  (no boots)
Stlth    ++........             (no amulet)
HPRegen  0.09/turn              e - ring of protection from magic
MPRegen  0.08/turn              q - ring of stealth

@: no status effects
A: demonic guardian 1
a: no special abilities


You were on level 3 of the Dungeon.
You were not hungry.

You visited 1 branch of the dungeon, and saw 3 of its levels.

You collected 75 gold pieces.

Inventory:

Hand Weapons
 a - a +0 falchion (weapon)
Armour
 b - a +0 robe
 i - a +0 pair of gloves (worn)
 l - a +0 scale mail (worn)
Jewellery
 e - a ring of protection from magic (left hand)
 q - a ring of stealth (right hand)
Wands
 m - a wand of random effects (3)
Scrolls
 g - a scroll of immolation {unknown}
 h - 2 scrolls of remove curse {unknown}
 n - 3 scrolls of identify {unknown}
 o - a scroll of enchant weapon {unknown}
 p - a scroll of amnesia {unknown}
Potions
 d - a potion of mutation {unknown}
 f - 2 potions of might {unknown}
 j - a potion of berserk rage {unknown}
 k - 2 potions of curing
Comestibles
 c - 4 rations


   Skills:
 + Level 3.4 Fighting
 + Level 3.1 Long Blades
 + Level 3.1 Dodging
 + Level 2.4 Stealth
 + Level 0.7 Evocations


You had 2 spell levels left.
You didn't know any spells.
Your spell library was empty.

Dungeon Overview and Level Annotations

Branches:
Dungeon (3/15)

Altars:
Gozag

Annotations:
D:3 Sigmund


Innate Abilities, Weirdness & Mutations

A weak demonic guardian rushes to your aid.


Message History

You closely miss your ufetubus. The goblin hits you but does no damage.
Something hits you.
You closely miss your ufetubus.
You feel less confused. Something hits you.
The goblin hits you but does no damage.
It was a potion of curing.
You feel better. The goblin hits you but does no damage.
You closely miss the goblin. Something hits you!
Your ufetubus hits the goblin.
The goblin dies!
You swap places.
A magic dart appears from out of thin air!
The magic dart hits your ufetubus!
Your ufetubus dies!
There is an escape hatch in the ceiling here.
Something hits you!
* * * LOW HITPOINT WARNING * * *
There is an escape hatch in the ceiling here.
Your scale mail prevents you from hitting something.
Something hits you!
You die...

.... .... ... ..#
#######%#
####+#.†...#.# .
#......#.###.#+###.##
#.....<#.............
#.....(#####@....#..
####(..# #{†.......
#(..# #......%..
#.### #(..?..... #.
#.....##.. #. #######
. #.


There were no monsters in sight!

Vanquished Creatures
  2 adders (D:2)
  2 dart slugs (D:2)
  2 leopard geckos
  An orc (D:2)
  3 giant cockroaches
  6 goblins
  5 hobgoblins
  A ball python (D:2)
  2 bats
  4 frilled lizards
  2 rats (D:2)
30 creatures vanquished.

Vanquished Creatures (collateral kills)
  A goblin (D:3)
1 creature vanquished.

Grand Total: 31 creatures vanquished

Notes
Turn   | Place    | Note
-------+----------+-------------------------------------------
     0 | D:1      | Emblim88 the Demonspawn Monk began the quest for the Orb.
     0 | D:1      | Reached XP level 1. HP: 18/18 MP: 1/1
   649 | D:1      | Gained mutation: A weak demonic guardian rushes to your
                  | aid. [demonic ancestry]
   649 | D:1      | Reached XP level 2. HP: 18/24 MP: 2/2
   998 | D:2      | Reached XP level 3. HP: 24/29 MP: 3/3
  1155 | D:2      | Found an opulent altar of Gozag.
  1609 | D:3      | Noticed Sigmund
  1624 | D:3      | Slain by Sigmund

Levels and vault maps discovered:
D:1:      wander_arrival_estate, layout_basic, chequers_avenue, kennysheep_boxes
D:2:      layout_loops_cross, lemuel_crystal_altar
D:3:      layout_basic, nicolae_overflow_hidden_temple,
          eat_drink_and_be_merry_uskayaw, uniq_natasha, uniq_robin, uniq_sigmund

Skill      XL: |  1  2 |
---------------+-------+-----
Stealth        | 2 |  2.4
Long Blades    | 3 |  3.1
Dodging        | 3 |  3.1
Fighting       | |  3.4
Evocations     | |  0.7

Action                   || total
-------------------------++-------
Melee: Falchion          ||   103
  Use: Potion            ||     1
 Stab: Sleeping          ||     1
  Eat: Chunk             ||     2
Armor: Robe              ||    11
       Scale mail        ||    37
Dodge: Dodged            ||    68
       Rpst.: Falchion   ||    24
